 Dungeon Crawl Stone Soup version 0.18-a0-1535-g243bd92 (webtiles) character file.

295 Herrn the Firebug (level 6, 21/44 HPs)
             Began as a Demonspawn Fire Elementalist on Mar 9, 2016.
             Quit the game on level 4 of the Dungeon.
             The game lasted 00:14:04 (4012 turns).

Herrn the Firebug (Demonspawn Fire Elementalist)    Turns: 4012, Time: 00:14:05

Health: 21/44      AC:  5    Str:  9    XL:     6   Next: 11%
Magic:  7/10       EV: 12    Int: 18    God:
Gold:   130        SH:  0    Dex: 13    Spells: 1 memorised, 9 levels left

rFire  + . .     SeeInvis .     v - +0 hand axe
rCold  . . .     Gourm    .     a - +0 robe
rNeg   . . .     Faith    .     (no shield)
rPois  .         Spirit   .     (no helmet)
rElec  .         Dismiss  .     (no cloak)
rCorr  .         Reflect  .     (no gloves)
SustAt .         Harm     .     i - +2 pair of boots
MR     .....                    (no amulet)
Stlth  ++........               (no ring)
                                k - -4 ring of slaying (curse)

@: not resistant to hostile enchantments, unstealthy
A: claws 1, fire resistance 1, powered by pain 1
a: no special abilities


You were on level 4 of the Dungeon.
You were not hungry.

You visited 1 branch of the dungeon, and saw 4 of its levels.

You collected 130 gold pieces.

Inventory:

Hand Weapons
 v - a +0 hand axe (weapon)
Armour
 a - a +0 robe (worn)
 i - a +2 pair of boots (worn)
Jewellery
 k - a cursed -4 ring of slaying (left claw)
Wands
 w - a wand of flame (16/48)
Scrolls
 d - 5 scrolls of identify {unknown}
 e - a scroll of noise {unknown}
 f - 2 scrolls of magic mapping
 g - 2 scrolls of recharging {unknown}
 l - 2 scrolls of enchant armour {unknown}
 m - a scroll of random uselessness {unknown}
 p - 3 scrolls of enchant weapon {unknown}
 s - a scroll of fog {unknown}
 t - a scroll of amnesia {unknown}
 u - a scroll of fear {unknown}
Potions
 j - a potion of agility
 r - a potion of magic {unknown}
Books
 b - a book of Flames

   Spells                             Type                      Level
   a - Flame Tongue                   Conjuration/Fire             1
   b - Throw Flame                    Conjuration/Fire             2
   c - Conjure Flame                  Conjuration/Fire             3
   d - Inner Flame                    Hexes/Fire                   3
   e - Sticky Flame                   Conjuration/Fire             4
   f - Fireball                       Conjuration/Fire             5
Comestibles
 c - 4 bread rations
 h - 3 chunks of flesh
 n - 3 fruits
 o - a meat ration


   Skills:
 * Level 1.8 Fighting
 * Level 1.0 Axes
 + Level 2.5 Dodging
 - Level 1.7 Stealth
 + Level 2.8 Spellcasting
 * Level 3.4 Conjurations
 + Level 3.8 Fire Magic


You had 9 spell levels left.
You knew the following spells:

 Your Spells              Type           Power        Failure   Level  Hunger
a - Flame Tongue          Conj/Fire      ###..        4%          1    None


Dungeon Overview and Level Annotations

Branches:
Dungeon (4/15)
 Temple: D:4-7

Altars:
Ashenzari

Annotations:
D:3 Franz's ghost, amateur DrFi


Innate Abilities, Weirdness & Mutations

You have sharp fingernails.
Your flesh is heat resistant.
You sometimes gain a little power by taking damage.


Message History

The flame tongue hits the ogre.
The ogre is almost dead.
The giant cockroach closely misses you.
Casting: Flame Tongue
Confirm with . or Enter, or press ? or * to list all spells.
Aiming: Flame Tongue
Press: ? - help, Shift-Dir - straight line, f/p - ogre
Aim: an ogre, wielding a giant spiked club (almost dead)
The flame tongue hits the ogre.
You kill the ogre!
Your Axes skill increases to level 1!
You have reached level 6!
Your experience leads to an increase in your attributes!
Increase (S)trength, (I)ntelligence, or (D)exterity?
You feel clever.
Your demonic ancestry asserts itself...
Your fingernails lengthen.
The giant cockroach bites you but does no damage.
Unknown command.
Unknown command.
Are you sure you want to abandon this character and quit the game? (Confirm with "yes".)

.... ....
..>.. .....
......
..#...######
#.....)....#
.....[s@...#
>..........#
.........<.#
.....#######
..... ....
... ...


You could see a giant cockroach.

Vanquished Creatures
  An ogre (D:4)
  An orc priest (D:3)
  An orc wizard (D:3)
  5 gnolls
  An adder (D:2)
  An ooze (D:2)
  5 dart slugs
  2 giant geckos (D:1)
  13 orcs (D:3)
  4 giant cockroaches
  11 goblins
  5 hobgoblins
  3 quokkas
  8 bats
  4 giant newts
  8 kobolds
  6 rats
79 creatures vanquished.

Notes
Turn   | Place    | Note
--------------------------------------------------------------
     0 | D:1      | Herrn the Demonspawn Fire Elementalist began the quest for the Orb.
     0 | D:1      | Reached XP level 1. HP: 13/13 MP: 3/3
   461 | D:1      | Gained mutation: Your flesh is heat resistant. [demonic ancestry]
   461 | D:1      | Reached XP level 2. HP: 10/19 MP: 0/5
   978 | D:1      | Gained mutation: You sometimes gain a little power by taking damage. [demonic ancestry]
   978 | D:1      | Reached XP level 3. HP: 24/24 MP: 0/6
  1726 | D:2      | Reached XP level 4. HP: 28/31 MP: 2/7
  2166 | D:2      | Reached skill level 1 in Fighting
  3142 | D:3      | Reached XP level 5. HP: 37/37 MP: 2/8
  3203 | D:3      | HP: 1/37 [orc/flail (4)]
  3905 | D:3      | Found a shattered altar of Ashenzari.
  3985 | D:3      | Noticed Franz's ghost (amateur DrFi)
  3999 | D:4      | Noticed an ogre
  4011 | D:4      | Killed an ogre
  4011 | D:4      | Reached skill level 1 in Axes
  4011 | D:4      | Gained mutation: You have sharp fingernails. [demonic ancestry]
  4011 | D:4      | Reached XP level 6. HP: 20/44 MP: 7/10
  4012 | D:4      | Quit the game

Vault maps used:
D:1:      onia_arrival_pyramid, kennysheep_nondescript, fountainhead
D:2:      minmay_liquid_box
D:3:      lemuel_coloured_pillars_altar, first_bread
D:4:      serial_park_tiny_2, eino_small_chamber_without_monster

Skill      XL: |  1  2  3  4  5 |
---------------+----------------+-----
Dodging        | 2 |  2.5
Fire Magic     | 3 |  3.8
Conjurations   | 2 3 |  3.4
Fighting       | 1 |  1.8
Axes           | 1 |  1.0
Stealth        | |  1.7
Spellcasting   | |  2.8

Action                   |  1- 3 |  4- 6 || total
-------------------------+-------+-------++-------
Melee: Hand axe          |       |    34 ||    34
 Cast: Flame Tongue      |    71 |   111 ||   182
  Use: Scroll            |     1 |       ||     1
       Potion            |       |     3 ||     3
  Eat: Chunk             |     3 |     8 ||    11
